MLB
BOSTON RED SOX @ MINNESOTA TWINS
10/29/2098
 
TOP OF THE 1ST
Boston Red Sox batting - Pitching for Minnesota Twins : RHP Danny Ahlers
Pitching: RHP Danny Ahlers
Batting: LHB Marquise Woods 0-0: Foul Ball, location: 25F
0-1: Ground out U3 (Groundball, 34S, EV 65.6 MPH)
Batting: LHB Michael Lindstrom 0-0: Ball
1-0: Foul Ball, location: 7LSF
1-1: Called Strike
1-2: Ball
2-2: Ball
3-2: Base on Balls
Batting: SHB Alex Salazar 0-0: Ball
1-0: Swinging Strike
1-1: Called Strike
1-2: Foul Ball, location: 7LSF
1-2: Fly out, F7 (Flyball, 7, EV 90.0 MPH)
Batting: RHB Joe Fowler 0-0: Called Strike
0-1: Swinging Strike
0-2: Ball
1-2: Ball
2-2: Strikes out looking
Top of the 1st over - 0 runs, 0 hits, 0 errors, 1 left on base; Boston 0 - Minnesota 0
BOTTOM OF THE 1ST
Minnesota Twins batting - Pitching for Boston Red Sox : RHP Francisco Quintanilla
Pitching: RHP Francisco Quintanilla
Batting: RHB Rogelio Rivera 0-0: Swinging Strike
0-1: Swinging Strike
0-2: Foul Ball, location: 2LF
0-2: Strikes out swinging
Batting: SHB Jim Whitlock 0-0: Foul Ball, location: 5DF
0-1: Ball
1-1: Swinging Strike
1-2: Foul Ball, location: 2F
1-2: Foul Ball, location: 25F
1-2: Ball
2-2: Ball
3-2: Base on Balls
Batting: SHB William Maki 0-0: Called Strike
0-1: Foul Ball, location: 2F
0-2: Ball
1-2: Foul Ball, location: 5SF
1-2: Strikes out swinging
Batting: RHB Bill Widby 0-0: Ball
1-0: Foul Ball, location: 2F
1-1: Fly out, F7 (Flyball, 7D, EV 106.9 MPH)
Bottom of the 1st over - 0 runs, 0 hits, 0 errors, 1 left on base; Boston 0 - Minnesota 0
TOP OF THE 2ND
Boston Red Sox batting - Pitching for Minnesota Twins : RHP Danny Ahlers
Batting: SHB Tyler Den Hartog 0-0: Called Strike
0-1: Ball
1-1: Ball
2-1: Called Strike
2-2: Fly out, F8 (Line Drive, 78D, EV 93.8 MPH)
Batting: LHB Chris Kautz 0-0: Ball
1-0: Called Strike
1-1: Ball
2-1: Ball
3-1: Base on Balls
Batting: LHB Sergio Mejia 0-0: Called Strike
0-1: Called Strike
0-2: Ball
1-2: Foul Ball, location: 2F
1-2: Strikes out swinging
Batting: RHB Nate Campbell 0-0: Ball
1-0: Swinging Strike
1-1: Swinging Strike
1-2: Ball
2-2: Foul Ball, location: 23F
2-2: Fly out, F8 (Flyball, 89S, EV 92.5 MPH)
Top of the 2nd over - 0 runs, 0 hits, 0 errors, 1 left on base; Boston 0 - Minnesota 0
BOTTOM OF THE 2ND
Minnesota Twins batting - Pitching for Boston Red Sox : RHP Francisco Quintanilla
Batting: LHB Emilio Gonzales 0-0: Called Strike
0-1: Called Strike
0-2: Ball
1-2: Ground out 4-3 (Groundball, 4MS, EV 66.3 MPH)
Batting: RHB Joe Looby 0-0: Ball
1-0: Fly out, F9 (Flyball, 89M, EV 96.3 MPH)
Batting: LHB Dan Barker 0-0: Ball
1-0: Foul Ball, location: 2LF
1-1: Foul Ball, location: 7LMF
1-2: Strikes out looking
Bottom of the 2nd over - 0 runs, 0 hits, 0 errors, 0 left on base; Boston 0 - Minnesota 0
TOP OF THE 3RD
Boston Red Sox batting - Pitching for Minnesota Twins : RHP Danny Ahlers
Batting: RHB Matt Alexander 0-0: Fly out, F6 (Popup, P, EV 88.8 MPH)
Pitching: RHP Russell Cottrell
Batting: LHB Marquise Woods 0-0: Ground out 1-3 (Groundball, 13, EV 73.8 MPH)
Batting: LHB Michael Lindstrom 0-0: Ball
1-0: Foul Ball, location: 3F
1-1: Ball
2-1: Fly out, F9 (Flyball, 89M, EV 98.8 MPH)
Top of the 3rd over - 0 runs, 0 hits, 0 errors, 0 left on base; Boston 0 - Minnesota 0
BOTTOM OF THE 3RD
Minnesota Twins batting - Pitching for Boston Red Sox : RHP Francisco Quintanilla
Batting: RHB Chris Ward 0-0: Ground out U3 (Groundball, 34, EV 84.4 MPH)
Batting: LHB Chris Armstrong 0-0: Ball
1-0: Called Strike
1-1: Ball
2-1: Foul Ball, location: 7LDF
2-2: Foul Ball, location: 23F
2-2: Ball
3-2: Foul Ball, location: 25F
3-2: Fly out, F8 (Line Drive, 8RD, EV 85.6 MPH)
Batting: RHB Rogelio Rivera 0-0: Ball
1-0: Swinging Strike
1-1: Called Strike
1-2: Foul Ball, location: 25FF
1-2: Strikes out swinging
Bottom of the 3rd over - 0 runs, 0 hits, 0 errors, 0 left on base; Boston 0 - Minnesota 0
TOP OF THE 4TH
Boston Red Sox batting - Pitching for Minnesota Twins : RHP Russell Cottrell
Batting: SHB Alex Salazar 0-0: Foul Ball, location: 9LDF
0-1: Ball
1-1: Ball
2-1: SINGLE (Groundball, 4MD, EV 102.5 MPH)
Batting: RHB Joe Fowler 0-0: Foul Ball, location: 7LDF
0-1: Called Strike
0-2: Ball
1-2: Fly out, F8 (Flyball, 8RD, EV 96.3 MPH)
Batting: SHB Tyler Den Hartog 0-0: Called Strike
0-1: Called Strike
0-2: Ball
1-2: Foul Ball, location: 2F
1-2: Strikes out swinging
Batting: LHB Chris Kautz 0-0: Ball
1-0: Called Strike
1-1: Swinging Strike
1-2: Ground out 1-3 (Groundball, 34S, EV 70.0 MPH)
Top of the 4th over - 0 runs, 1 hit, 0 errors, 1 left on base; Boston 0 - Minnesota 0
BOTTOM OF THE 4TH
Minnesota Twins batting - Pitching for Boston Red Sox : RHP Francisco Quintanilla
Batting: SHB Jim Whitlock 0-0: Called Strike
0-1: Foul Ball, location: 3F
0-2: Ball
1-2: Strikes out swinging
Batting: SHB William Maki 0-0: Ball
1-0: Called Strike
1-1: Ball
2-1: Called Strike
2-2: DOUBLE (Line Drive, 89M, EV 91.9 MPH)
Batting: RHB Bill Widby 0-0: Ball
1-0: Called Strike
William Maki steals 3rd base
1-1: Foul Ball, location: 3F
1-2: Ball
2-2: Foul Ball, location: 5DF
2-2: Fly out, F9 (Flyball, 89S, EV 86.9 MPH)
Batting: LHB Emilio Gonzales 0-0: Foul Ball, location: 7LSF
0-1: Ground out 6-3 (Groundball, 6M, EV 83.8 MPH)
Bottom of the 4th over - 0 runs, 1 hit, 0 errors, 1 left on base; Boston 0 - Minnesota 0
TOP OF THE 5TH
Boston Red Sox batting - Pitching for Minnesota Twins : RHP Russell Cottrell
Batting: LHB Sergio Mejia 0-0: Ball
1-0: Fly out, F8 (Flyball, 8RXD, EV 93.8 MPH)
Batting: RHB Nate Campbell 0-0: Foul Ball, location: 5SF
0-1: Ball
1-1: Swinging Strike
1-2: Fly out, F7 (Flyball, 78D, EV 86.3 MPH)
Batting: RHB Matt Alexander 0-0: Foul Ball, location: 9LSF
0-1: Fly out, F8 (Flyball, 8RS, EV 74.4 MPH)
Top of the 5th over - 0 runs, 0 hits, 0 errors, 0 left on base; Boston 0 - Minnesota 0
BOTTOM OF THE 5TH
Minnesota Twins batting - Pitching for Boston Red Sox : RHP Francisco Quintanilla
Batting: RHB Joe Looby 0-0: Swinging Strike
0-1: Foul Ball, location: 2F
0-2: Foul Ball, location: 2F
0-2: Ball
1-2: Ground out 6-3 (Groundball, 6, EV 76.3 MPH)
Batting: LHB Dan Barker 0-0: Ground out 4-3 (Groundball, 34, EV 101.9 MPH)
Batting: RHB Chris Ward 0-0: Ball
1-0: Foul Ball, location: 2F
1-1: Ground out 5-3 (Groundball, 56S, EV 88.1 MPH)
Bottom of the 5th over - 0 runs, 0 hits, 0 errors, 0 left on base; Boston 0 - Minnesota 0
TOP OF THE 6TH
Boston Red Sox batting - Pitching for Minnesota Twins : RHP Russell Cottrell
Pitching: LHP Jon Meger
Batting: LHB Marquise Woods 0-0: Fly out, F3 (Line Drive, 3, EV 71.3 MPH)
Batting: LHB Michael Lindstrom 0-0: Ball
1-0: Foul Ball, location: 25F
1-1: Ground out 4-3 (Groundball, 4, EV 84.4 MPH)
Batting: SHB Alex Salazar 0-0: Called Strike
0-1: Foul Ball, location: 9LMF
0-2: Ball
1-2: Ball
2-2: Fly out, F3 (Popup, 23F, EV 80.6 MPH)
Top of the 6th over - 0 runs, 0 hits, 0 errors, 0 left on base; Boston 0 - Minnesota 0
BOTTOM OF THE 6TH
Minnesota Twins batting - Pitching for Boston Red Sox : RHP Francisco Quintanilla
Batting: LHB Chris Armstrong 0-0: Ball
1-0: Foul Ball, location: 2F
1-1: Foul Ball, location: 2F
1-2: Ball
2-2: Ball
3-2: DOUBLE (Line Drive, 78D, EV 110.0 MPH)
Pitching: RHP Travis West
Batting: RHB Rogelio Rivera 0-0: Called Strike
0-1: Ball
1-1: DOUBLE (Line Drive, 89XD, EV 104.4 MPH)
Chris Armstrong scores
Batting: SHB Jim Whitlock 0-0: Called Strike
0-1: Foul Ball, location: 2F
0-2: Foul Ball, location: 5F
0-2: Ball
1-2: Strikes out swinging
Batting: SHB William Maki 0-0: Foul Ball, location: 3F
0-1: TRIPLE (Flyball, 8LXD, EV 98.8 MPH)
Rogelio Rivera scores
Batting: RHB Bill Widby 0-0: Fly out, F4 (Popup, 3S, EV 85.6 MPH)
Pitching: LHP Jeff Daoust
Batting: LHB Emilio Gonzales 0-0: Ball
1-0: Called Strike
1-1: Fly out, F9 (Flyball, 89M, EV 101.9 MPH)
Bottom of the 6th over - 2 runs, 3 hits, 0 errors, 1 left on base; Boston 0 - Minnesota 2
TOP OF THE 7TH
Boston Red Sox batting - Pitching for Minnesota Twins : LHP Jon Meger
Batting: RHB Joe Fowler 0-0: Called Strike
0-1: Foul Ball, location: 7LSF
0-2: Strikes out looking
Batting: SHB Tyler Den Hartog 0-0: Ball
1-0: Called Strike
1-1: Fly out, F9 (Flyball, 9D, EV 105.6 MPH)
Batting: LHB Chris Kautz 0-0: Foul Ball, location: 3FF
0-1: Called Strike
0-2: Ball
1-2: Ball
2-2: Ball
3-2: Foul Ball, location: 7LDF
3-2: DOUBLE (Line Drive, 9LM, EV 102.5 MPH)
Pitching: LHP Jeff Downing
Batting: LHB Sergio Mejia 0-0: Ball
1-0: Ball
2-0: Foul Ball, location: 23FF
2-1: Swinging Strike
2-2: Ball
3-2: Base on Balls
Batting: RHB Nate Campbell 0-0: Called Strike
0-1: Fly out, F2 (Popup, 2LF, EV 91.9 MPH)
Top of the 7th over - 0 runs, 1 hit, 0 errors, 2 left on base; Boston 0 - Minnesota 2
BOTTOM OF THE 7TH
Minnesota Twins batting - Pitching for Boston Red Sox : LHP Jeff Daoust
Pitching: RHP Juan Cortez
Batting: RHB Joe Looby 0-0: Foul Ball, location: 2F
0-1: Called Strike
0-2: Strikes out looking
Batting: LHB Dan Barker 0-0: Ball
1-0: Ball
2-0: Reached on error, E4 (Groundball, 4, EV 83.8 MPH)
Batting: RHB Chris Ward 0-0: Ball
1-0: Called Strike
1-1: Called Strike
1-2: Grounds into double play, 5-4-3 (Groundball, 5, EV 90.0 MPH)
Bottom of the 7th over - 0 runs, 0 hits, 1 error, 0 left on base; Boston 0 - Minnesota 2
TOP OF THE 8TH
Boston Red Sox batting - Pitching for Minnesota Twins : LHP Jeff Downing
Pitching: RHP Jaden Moore
Now at SS: Nick White
Pinch Hitting: LHB Dan McCartney 0-0: Called Strike
0-1: Swinging Strike
0-2: Foul Ball, location: 9LMF
0-2: Ball
1-2: Fly out, F8 (Line Drive, 8LM, EV 92.5 MPH)
Batting: LHB Marquise Woods 0-0: Ball
1-0: Foul Ball, location: 3F
1-1: Swinging Strike
1-2: Ball
2-2: Strikes out swinging
Batting: LHB Michael Lindstrom 0-0: Fly out, F8 (Line Drive, 8LD, EV 101.3 MPH)
Top of the 8th over - 0 runs, 0 hits, 0 errors, 0 left on base; Boston 0 - Minnesota 2
BOTTOM OF THE 8TH
Minnesota Twins batting - Pitching for Boston Red Sox : RHP Juan Cortez
Now at 2B: Bob Stuhr
Now at SS: Nate Campbell
Batting: LHB Chris Armstrong 0-0: Called Strike
0-1: DOUBLE (Line Drive, 78D, EV 105.0 MPH)
Batting: RHB Rogelio Rivera 0-0: Ball
1-0: Ball
2-0: Swinging Strike
2-1: Ground out 6-3 (Groundball, 6, EV 90.6 MPH)
Chris Armstrong to third
Batting: SHB Jim Whitlock 0-0: Foul Ball, location: 2LF
0-1: Foul Ball, location: 25F
0-2: SINGLE (Line Drive, 9LS, EV 90.6 MPH)
Chris Armstrong scores
Batting: SHB William Maki 0-0: Ball
1-0: Swinging Strike
1-1: 2-RUN HOME RUN (Flyball, 9LD, EV 91.9 MPH), Distance : 345 ft
Batting: RHB Bill Widby 0-0: Swinging Strike
0-1: Swinging Strike
0-2: Ball
1-2: Ball
2-2: Foul Ball, location: 23F
2-2: Fly out, F9 (Flyball, 9, EV 90.6 MPH)
Batting: LHB Emilio Gonzales 0-0: Called Strike
0-1: Called Strike
0-2: Ball
1-2: Ball
2-2: Strikes out swinging
Bottom of the 8th over - 3 runs, 3 hits, 0 errors, 0 left on base; Boston 0 - Minnesota 5
TOP OF THE 9TH
Boston Red Sox batting - Pitching for Minnesota Twins : RHP Jaden Moore
Batting: SHB Alex Salazar 0-0: Foul Ball, location: 2F
0-1: Swinging Strike
0-2: Ball
1-2: Ball
2-2: Fly out, F7 (Flyball, 78M, EV 91.9 MPH)
Batting: RHB Joe Fowler 0-0: Ball
1-0: Called Strike
1-1: Ball
2-1: Ground out 5-3 (Groundball, 56S, EV 69.4 MPH)
Batting: SHB Tyler Den Hartog 0-0: Swinging Strike
0-1: Fly out, F8 (Line Drive, 8RD, EV 89.4 MPH)
Top of the 9th over - 0 runs, 0 hits, 0 errors, 0 left on base; Boston 0 - Minnesota 5
Thursday, April 18th , 2024 - OOTP Baseball 24.11 Build 85